 Dungeon Crawl Stone Soup version 0.24-a0-274-gb3763e6 (webtiles) character file.

Game seed: 11249484052231993968

37 MatthieuS the Charmwright (level 3, 0/28 HPs)
             Began as a Human Skald on Apr 26, 2019.
             Slain by a quokka (1 damage)
             ... on level 1 of the Dungeon.
             The game lasted 00:02:20 (1597 turns).

MatthieuS the Charmwright (Human Skald)             Turns: 1597, Time: 00:02:21

Health: 0/28       AC:  5    Str: 11    XL:     3   Next: 60%
Magic:  4/6        EV: 10    Int: 19    God:
Gold:   96         SH:  0    Dex: 12    Spells: 5/6 levels left

rFire    . . .     SeeInvis .   a - +0 spear
rCold    . . .     Gourm    .   (no shield)
rNeg     . . .     Faith    .   n - +0 ring mail
rPois    .         Spirit   .   (no helmet)
rElec    .         Reflect  .   (no cloak)
rCorr    .         Harm     .   (no gloves)
MR       .....                  (no boots)
Stlth    +.........             (no amulet)
HPRegen  0.09/turn              (no ring)
MPRegen  0.10/turn              (no ring)

@: brilliant, hasted, very quick
A: no striking features
a: no special abilities


You were on level 1 of the Dungeon.
You were not hungry.

You visited 1 branch of the dungeon, and saw 2 of its levels.

You collected 96 gold pieces.

Inventory:

Hand Weapons
 a - a +0 spear (weapon)
Armour
 b - a +0 leather armour
 n - a +0 ring mail (worn)
   (You found it on level 1 of the Dungeon)
Jewellery
 g - an uncursed ring of protection from magic {unknown}
   (You found it on level 1 of the Dungeon)
 h - an uncursed ring of magical power {unknown}
   (You found it on level 1 of the Dungeon)
 o - a cursed amulet of the acrobat
   (You took it off a goblin on level 2 of the Dungeon)
Scrolls
 f - 2 scrolls of identify {unknown}
 i - 3 scrolls of magic mapping {unknown}
 m - a scroll of remove curse {unknown}
Potions
 c - a potion of curing {unknown}
 d - a potion of degeneration {unknown}
 k - a potion of brilliance
 l - a potion of haste {@q3}
Comestibles
 e - a ration
 j - 4 chunks of flesh


   Skills:
 + Level 2.5 Fighting
 + Level 2.5 Polearms
 - Level 1.0 Armour
 - Level 2.0 Dodging
 + Level 2.4 Spellcasting
 + Level 3.3 Charms


You had 5 spell levels left.
You knew the following spells:

 Your Spells              Type           Power        Failure   Level  Hunger
a - Infusion              Chrm           ####         1%          1    #......

Your spell library contained the following spells:

 Spells                   Type           Power        Failure   Level  Hunger
 Song of Slaying          Chrm           ####....     1%          2    ##.....
 Shroud of Golubria       Chrm/Tloc      ###.......   3%          2    ##.....
 Regeneration             Chrm/Necr      ###.......   7%          3    ###....
 Spectral Weapon          Hex/Chrm       ###.....     7%          3    ###....


Dungeon Overview and Level Annotations

Branches:
Dungeon (2/15)

Altars:


Message History

The adder barely misses you. The quokka barely misses you.
The adder bites you but does no damage.
You barely miss the adder.
You feel sick. The adder closely misses you. The quokka bites you.
You hit the adder.
You kill the adder!
The quokka bites you but does no damage.
You feel sick. The quokka bites you.
You see here an adder corpse.
You are no longer magically infusing your attacks.
You hit the quokka but do no damage. The quokka closely misses you.
The quokka bites you.
* * * LOW HITPOINT WARNING * * *
You completely miss the quokka.
A goblin comes into view. It is wielding a +0 club.
The quokka bites you.
* * * LOW HITPOINT WARNING * * *
You barely miss the quokka.
You feel sick.
The goblin shouts!
You hear an angry hiss.
An ooze comes into view.
The quokka barely misses you.
Unknown command.
The quokka bites you but does no damage.
You see here an adder corpse.
Items here: ! $ ) ? † a +0 short sword; a bubbling black potion; 3 scrolls labeled NOISEXT FITZOR 18 gold pieces; a kobold corpse The quokka barely misses you.
You feel sick.
You see here a stone.
You feel sick. The quokka barely misses you.
You feel sick.
You are no longer poisoned.
The goblin unwields a +0 club.
The goblin wields a +0 hunting sling.
The goblin shoots a stone.
The stone barely misses you.
There is a stone staircase leading up here.
The quokka barely misses you.
The goblin shoots a stone.
The stone hits you.
* * * LOW HITPOINT WARNING * * *
The quokka closely misses you.
You climb upwards.
There is a stone staircase leading down here.
Unknown command.
Unknown command.
It was a potion of brilliance.
You feel clever all of a sudden. The quokka bites you.
* * * LOW HITPOINT WARNING * * *
It was a potion of haste.
You feel yourself speed up. The quokka bites you.
You die...

#..........#..# ##########
#######......## ##....## ##
######.#.# #. #### #........# #.
...#####.####.### #. .........#
#.# #. ##.#####.# #.##### #. #.#
#.# #.>r@.# #####. #.# #.#
#####.# #...#. #.# #.### #.#
##.###. #.# ####.##
#)#########...##. #.####.....##
#.#...........##.
#..##....#..####.#.#######...##.
##.....#####..#..........########
...##.##.####.##########.# #
#####.#÷...##.# #.########


You could see a quokka.

Vanquished Creatures
  An adder (D:2)
  2 leopard geckos
  5 goblins
  A hobgoblin (D:1)
  4 jackals (D:2)
  3 bats
  2 frilled lizards
  2 kobolds (D:2)
  5 rats
25 creatures vanquished.

Notes
Turn   | Place    | Note
-------+----------+-------------------------------------------
     0 | D:1      | MatthieuS the Human Skald began the quest for the Orb.
     0 | D:1      | Reached XP level 1. HP: 16/16 MP: 3/3
   654 | D:1      | Reached XP level 2. HP: 21/22 MP: 1/5
  1261 | D:2      | Reached XP level 3. HP: 14/28 MP: 0/6
  1595 | D:1      | HP: 1/28 [quokka (2)]
  1597 | D:1      | Slain by a quokka

Levels and vault maps discovered:
D:1:      mainiacjoe_arrival_reflecting_pool, layout_loops_ring,
          wander_ebering_terrifying_dragon_lair
D:2:      layout_loops_cross, grunt_temple_overflow_open

Action                   || total
-------------------------++-------
Melee: Spear             ||    87
 Cast: Infusion          ||     9
  Use: Potion            ||     2
  Eat: Chunk             ||     2
Armor: Leather armour    ||     2
       Ring mail         ||    36
Dodge: Dodged            ||    55

Table legend:
 A = Non-vault XP
 B = Vault XP
 C = Vault XP percentage of total XP
 D = Non-vault monster count
 E = Vault monster count
 F = Vault count percentage of total count
                 A         B        C        D         E       F
            +---------+---------+-------+---------+---------+-------
      Total |      50 |       3 |   5.7 |      24 |       1 |   4.0
            +---------+---------+-------+---------+---------+-------
        D:1 |      13 |       3 |  18.8 |       9 |       1 |  10.0
        D:2 |      37 |       0 |   0.0 |      15 |       0 |   0.0
            +---------+---------+-------+---------+---------+-------
